 Dungeon Crawl Stone Soup version 0.28-a0-1616-g050a50673c (webtiles) character file.

Game seed: 15487182117946229959

9 cyrus the Skirmisher (level 2, -3/25 HPs)
             Began as a Palentonga Fighter on Jan 22, 2022.
             Succumbed to a kobold's poison
             ... on level 2 of the Dungeon.
             The game lasted 00:02:10 (507 turns).

cyrus the Skirmisher (Palentonga Fighter)            Turns: 507, Time: 00:02:11

Health: -3/25      AC:  6    Str: 19    XL:     2   Next: 6%
Magic:  2/2        EV:  7    Int:  8    God:
Gold:   0          SH:  4    Dex:  9    Spells: 1/1 levels left

rFire   . . .      SeeInvis +   a - +0 long sword
rCold   . . .      Faith    .   c - +0 buckler
rNeg    . . .      Spirit   .   b - +0 scale mail
rPois   .          Reflect  .   (no helmet)
rElec   .          Harm     .   (no cloak)
rCorr   .          Rampage  .   (no gloves)
Will    .....                   (no barding)
Stlth   ..........              (no amulet)
HPRegen 0.08/turn               (no ring)
MPRegen 0.08/turn               (no ring)

@: lethally poisoned (-3 -> -22)
A: large, rugged brown scales 3, see invisible, deformed body, roll 1, armoured
tail
a: Rolling Charge


You were on level 2 of the Dungeon.
You visited 1 branch of the dungeon, and saw 2 of its levels.

Inventory:

Hand Weapons
 a - a +0 long sword (weapon)
Armour
 b - a +0 scale mail (worn)
 c - a +0 buckler (worn)
Jewellery
 e - an amulet of reflection
Potions
 d - a potion of might


   Skills:
 + Level 3.1 Fighting
 + Level 2.1 Long Blades
 + Level 2.6 Armour
 + Level 0.1 Dodging
 + Level 2.5 Shields


You had one spell level left.
You didn't know any spells.
Your spell library was empty.

Dungeon Overview and Level Annotations

Branches:
Dungeon (2/15)

Altars:


Innate Abilities, Weirdness & Mutations

You are completely covered in rugged brown scales. (AC +3, +7% HP)
You have supernaturally acute eyesight. (SInv)
Armour fits poorly on your strangely shaped body.
You can roll at nearby foes to attack.
You have a long armoured tail.


Message History

The bat moves out of view.
The bat misses you. The bat hits you but does no damage.
The ball python bites you but does no damage.
The bat barely misses you.
The ball python bites you but does no damage. x2
The ball python bites you but does no damage.
The bat hits you but does no damage. The bat hits you but does no damage.
The bat hits you but does no damage.
You closely miss the bat. You block the bat's attack.
You block the ball python's attack. The bat hits you but does no damage.
The ball python bites you. The bat hits you but does no damage.
The bat barely misses you. The bat hits you but does no damage.
There is an open door here.
The bat barely misses you. The bat hits you but does no damage.
The ball python bites you but does no damage.
The kobold hits you with a +0 dagger of venom.
There is an open door here.
You slash the ball python!
You kill the ball python!
The bat closely misses you. The kobold hits you but does no damage.
You are poisoned.
The worm bites you!
You have reached level 2!
You feel very sick. The bat closely misses you.
The kobold hits you but does no damage.
You hit the bat.
You kill the bat!
* * * LOW HITPOINT WARNING * * *
You feel very sick.
The kobold hits you with a +0 dagger of venom.
* * * LOW HITPOINT WARNING * * *
You are more poisoned.
* * * LOW HITPOINT WARNING * * *
You feel very sick. The kobold hits you but does no damage.
You are more poisoned.
Unknown command.
You die...

## ######## ######
#...##......##########....?
#..........w'..............
......#.#..@K##########.###.
......._.....# #.# ##
......#.#....# #.# #.
..........#### #.# #.
.....###### #..... .....
###### #+# .. ... ....


You could see a worm and a kobold.

Vanquished Creatures
  A giant cockroach (D:1)
  A hobgoblin (D:2)
  A quokka (D:1)
  3 ball pythons
  2 bats
  2 rats (D:1)
10 creatures vanquished.

Notes
Turn   | Place    | Note
-------+----------+-------------------------------------------
     0 | D:1      | cyrus the Palentonga Fighter began the quest for the Orb.
     0 | D:1      | Reached XP level 1. HP: 19/19 MP: 1/1
   484 | D:2      | Found a faded altar of an unknown god.
   504 | D:2      | Reached XP level 2. HP: 11/25 MP: 2/2
   506 | D:2      | HP: 1/25 [poisoned by a kobold]
   507 | D:2      | Succumbed to a kobold's poison

Illustrated notes

Levels and vault maps discovered:
D:1:      pf_arrival_petrified_forest, layout_basic
D:2:      layout_basic, chequers_ecumenical_altar_simple,
          chequers_serial_rivers_small_3, amethyst_killhole

Action                   || total
-------------------------++-------
Melee: Long sword        ||    20
Armor: Scale mail        ||    87
Dodge: Dodged            ||    54
Block: Buckler           ||    18

Table legend: (Time is in decaauts)
 A = Elapsed time spent in this place.
 B = Non-inter-level travel time spent in this place.
 C = Inter-level travel time spent in this place.
 D = Time resting spent in this place.
 E = Time spent auto-exploring this place.
 F = Levels seen in this place.
 G = Mean time per level.
                   A        B        C        D        E       F      G
               +--------+--------+--------+--------+--------+-----+--------+
         Total |    513 |    513 |      0 |      0 |    100 |   2 |  256.5 |
       Dungeon |    513 |    513 |      0 |      0 |    100 |   2 |  256.5 |
               +--------+--------+--------+--------+--------+-----+--------+

Top non-repeatable levels by time:
     D:1: 312 daAuts
     D:2: 200 daAuts
